 Dungeon Crawl Stone Soup version 0.30-a0-475-g03497ec522 (webtiles) character file.

Game seed: 10418178668607519996

926 whiskeysaurus the Magician (level 7, -6/36 HPs)
             Began as a Deep Elf Fire Elementalist on Dec 21, 2022.
             Blown up by an orc priest (19 damage)
             ... with a mindburst bolt
             ... on level 4 of the Dungeon.
             The game lasted 00:12:25 (6295 turns).

whiskeysaurus the Magician (DEFE)                   Turns: 6295, Time: 00:12:26

Health: -6/36      AC:  4    Str:  5    XL:     7   Next: 85%
Magic:  2/18       EV: 14    Int: 22    God:
Gold:   116        SH:  0    Dex: 15    Spells: 15/18 levels left

rFire   . . .      SeeInvis .    t - +0 quarterstaff
rCold   . . .      Faith    .    (shield currently unavailable)
rNeg    . . .      Spirit   .    a - +0 robe
rPois   .          Reflect  .    p - +0 helmet
rElec   .          Harm     .    (no cloak)
rCorr   .          Rampage  .    n - +0 pair of gloves
Will    .....                    (no boots)
Stlth   +++.......               (no amulet)
HPRegen 0.26/turn                (no ring)
MPRegen 0.16/turn                (no ring)

@: no status effects
A: no striking features
a: no special abilities


You were on level 4 of the Dungeon.
You visited 1 branch of the dungeon, and saw 4 of its levels.
You also visited: Sewer.

You collected 116 gold pieces.

Inventory:

Hand Weapons
 t - a +0 quarterstaff (weapon)
Armour
 a - a +0 robe (worn)
 n - a +0 pair of gloves (worn)
 p - a +0 helmet (worn)
Jewellery
 r - a ring of wizardry
Scrolls
 c - 2 scrolls of torment {unknown}
 e - 2 scrolls of blinking {unknown}
 f - 8 scrolls of identify {unknown}
 k - a scroll of magic mapping {unknown}
 l - a scroll of enchant weapon {unknown}
 m - a scroll of amnesia {unknown}
 o - a scroll of teleportation {unknown}
 s - a scroll of noise {unknown}
 u - 2 scrolls of fog {unknown}
 v - a scroll of brand weapon {unknown}
Potions
 b - 3 potions of magic
 d - 2 potions of lignification
 g - 2 potions of brilliance {unknown}
 h - 2 potions of flight {unknown}
 i - a potion of berserk rage {unknown}
 j - a potion of heal wounds {unknown}
 q - a potion of ambrosia {unknown}


   Skills:
 + Level 5.7 Dodging
 - Level 5.0 Stealth
 + Level 6.4 Spellcasting
 - Level 3.9 Conjurations
 + Level 5.7 Fire Magic


You had 15 spell levels left.
You knew the following spells:

 Your Spells              Type           Power      Damage    Failure   Level
a - Foxfire               Conj/Fire      100%       2x1d9     1%          1
b - Scorch                Fire           64%        2d8       1%          2

Your spell library contained the following spells:

 Spells                   Type           Power      Damage    Failure   Level
 Apportation              Tloc           14%        N/A       9%          1
 Necrotise                Necr           28%        1d5       9%          1
 Sting                    Tmut/Pois      28%        1d4       9%          1
 Summon Small Mammal      Summ           28%        N/A       9%          1
 Inner Flame              Hex/Fire       19%        N/A       9%          3
 Dazzling Flash           Conj/Hex       30%        N/A       12%         3
 Kindle Blastsparks       Fire/Tloc/Air  30%        2d12      12%         3
 Flame Wave               Conj/Fire      28%        2d9       12%         4
 Poisonous Vapours        Pois/Air       14%        N/A       13%         2
 Iskenderun's Mystic Bla  Conj/Tloc      15%        2d5       36%         4
 Olgreb's Toxic Radiance  Pois           7%         N/A       65%         4
 Starburst                Conj/Fire      14%        6d6       88%         6
 Alistair's Intoxication  Tmut/Pois      4%         N/A       94%         5


Dungeon Overview and Level Annotations

Branches:
Dungeon (4/15)              Sewer (visited)
 Temple: D:4-7

Altars:
Ru
Trog


Message History

You conjure some foxfire!
The foxfire hits the orc.
The orc is heavily wounded.
The foxfire hits the orc but does no damage.
The orc is heavily wounded.
You conjure some foxfire!
The orc priest looks braver for a moment.
The orc hits you but does no damage. The orc barely misses your foxfire.
Unknown command.
The orc priest attacks as you move away!
The orc priest misses you.
The foxfire hits the orc priest but does no damage.
The foxfire hits the orc.
You kill the orc!
The foxfire hits the orc priest.
The orc priest is moderately wounded.
The foxfire hits the orc priest but does no damage.
The orc priest is moderately wounded.
Casting: Foxfire (safe; 1% risk of failure)
Confirm with . or Enter, or press ? or * to list all spells.
Flames lash the orc priest.
The orc priest is heavily wounded.
The orc priest's fire resistance burns away.
The orc priest hits you with a +0 flail.
You conjure some foxfire!
The orc priest mumbles some strange prayers to Beogh against you.
You struggle to resist.
The foxfire hits the orc priest but does no damage.
The orc priest is heavily wounded.
The foxfire hits the orc priest but does no damage.
The orc priest is heavily wounded.
The orc priest casts a cantrip, but nothing happens.
The orc priest is no longer more vulnerable to fire.
The orc priest zaps a wand.
Your mind is blasted!
The orc priest begins to cast a cantrip, but forgets the words!
The orc priest invokes the aid of Beogh against you.
Beogh smites you!
The orc priest zaps a wand.
You struggle to resist.
The orc priest zaps a wand.
Your mind is blasted!
Ouch! That really hurt!
You die...

..........##~~~~.~#~####....##
...........#~~~~~~#รท# #..).#
.####..##..####~~##)# ##..#
####.##.##~~####~~## ###
#........~[~[)~~~~~#
........##~~####~~##
......)..####..####
....>...........#
#........#..@...#
#.....#.....#...#
#..#..#.....#..##
#..#......#....#
...##............##
##.......).......##
..).............##
..)........o.....#
#.....##.........#


You could see an orc priest.

Vanquished Creatures
  2 black bears (D:4)
  An ogre (D:4)
  2 kobold brigands (Sewer)
  2 orc priests
  3 hounds
  2 orc wizards (D:3)
  Natasha (twice) (D:2)
  An iguana (D:4)
  8 adders
  5 river rats
  2 worms
  5 dart slugs
  16 orcs
  4 ball pythons
  6 endoplasms
  5 giant cockroaches
  3 goblins
  7 hobgoblins
  9 jackals
  4 quokkas
  2 bats
  4 frilled lizards
  10 kobolds
  11 rats
116 creatures vanquished.

Vanquished Creatures (collateral kills)
  9 foxfires
9 creatures vanquished.

Vanquished Creatures (others)
  481 foxfires
  7 fungi (D:1)
  4 plants (Sewer)
492 creatures vanquished.

Grand Total: 617 creatures vanquished

Notes
Turn   | Place    | Note
-------+----------+-------------------------------------------
     0 | D:1      | whiskeysaurus the Deep Elf Fire Elementalist began the
                  | quest for the Orb.
     0 | D:1      | Reached XP level 1. HP: 10/10 MP: 6/6
   594 | D:1      | Reached XP level 2. HP: 15/15 MP: 5/8
  1340 | D:1      | Found a faded altar of an unknown god.
  1829 | D:2      | Reached XP level 3. HP: 19/19 MP: 4/9
  2199 | D:2      | Learned a level 2 spell: Scorch
  2404 | D:2      | Found a sacrificial altar of Ru.
  2745 | D:2      | Noticed Natasha
  2749 | D:2      | Killed Natasha
  2750 | D:2      | Reached XP level 4. HP: 24/24 MP: 5/11
  3302 | D:3      | Reached skill level 4 in Spellcasting
  3878 | D:3      | Reached XP level 5. HP: 28/28 MP: 6/13
  4417 | D:2      | Noticed Natasha
  4423 | D:2      | Killed Natasha
  4525 | D:3      | Reached XP level 6. HP: 32/32 MP: 9/14
  4950 | D:4      | Reached skill level 5 in Spellcasting
  4959 | D:4      | Reached skill level 5 in Stealth
  4959 | D:4      | Reached XP level 7. HP: 19/36 MP: 0/16
  5005 | D:4      | Reached skill level 5 in Fire Magic
  5116 | D:4      | Found a glowing drain.
  5125 | Sewer    | Entered a sewer
  5463 | Sewer    | Reached skill level 5 in Dodging
  5477 | Sewer    | Reached skill level 6 in Spellcasting
  6236 | D:4      | Found a bloodstained altar of Trog.
  6295 | D:4      | Blown up by an orc priest

Illustrated notes

Levels and vault maps discovered:
D:1:      kilobyte_arrival_exit_the_forest, layout_basic,
          chequers_ecumenical_altar_lobes, dreamdust_mushroom_princess
D:2:      layout_basic, basic_altar, uniq_natasha
D:3:      layout_loops_ring, st_stairs_7, minmay_distorted
D:4:      layout_cave_pools, trog_ov_bears_minmay, kennysheep_okawaru_gauntlet,
          gup_sewer_entry_bubbles, amethyst_killhole

Skill      XL: |  1  2  3  4  5  6  7 |
---------------+----------------------+-----
Stealth        | 3 4 5 |  5.0
Dodging        | 3 4 5 |  5.7
Conjurations   | 2 3 |  3.9
Spellcasting   | 4 5 6 |  6.4
Fire Magic     | 4 5 |  5.7

Action                   |  1- 3 |  4- 6 |  7- 9 || total
-------------------------+-------+-------+-------++-------
Melee: Unarmed           |     2 |       |       ||     2
       Quarterstaff      |       |     8 |    17 ||    25
 Cast: Foxfire           |   145 |    95 |    76 ||   316
       Scorch            |     4 |    23 |    13 ||    40
  Use: Potion            |       |     1 |       ||     1
Armor: Robe              |     1 |     2 |     2 ||     5
       Skin              |       |    18 |    17 ||    35
Dodge: Dodged            |    16 |    29 |     5 ||    50

Table legend: (Time is in decaauts)
 A = Elapsed time spent in this place.
 B = Non-inter-level travel time spent in this place.
 C = Inter-level travel time spent in this place.
 D = Time resting spent in this place.
 E = Time spent auto-exploring this place.
 F = Levels seen in this place.
 G = Mean time per level.
                   A        B        C        D        E       F      G
               +--------+--------+--------+--------+--------+-----+--------+
         Total |   6462 |   6359 |    103 |    623 |   4772 |   5 | 1292.4 |
       Dungeon |   5266 |   5163 |    103 |    387 |   4026 |   4 | 1316.5 |
         Sewer |   1195 |   1195 |      0 |    236 |    745 |   1 | 1195.0 |
               +--------+--------+--------+--------+--------+-----+--------+

Top non-repeatable levels by time:
     D:2: 1900 daAuts
     D:1: 1581 daAuts
     D:3: 1377 daAuts
   Sewer: 1195 daAuts
     D:4: 407 daAuts
